 Dungeon Crawl Stone Soup version 0.23-a0-445-g768d57b (webtiles) character file.

31 HungryMoth the Digger (level 3, -1/26 HPs)
             Began as a Draconian Earth Elementalist on Nov 17, 2018.
             Shot with an arrow by a centaur (5 damage)
             ... on level 2 of the Dungeon.
             The game lasted 00:04:04 (1147 turns).

HungryMoth the Digger (DrEE)                        Turns: 1147, Time: 00:04:04

Health: -1/26      AC:  6    Str: 10    XL:     3   Next: 7%
Magic:  1/7        EV: 12    Int: 16    God:
Gold:   47         SH:  0    Dex: 11    Spells: 1/7 levels left

rFire    . . .     SeeInvis .   (no weapon)
rCold    . . .     Gourm    .   (no shield)
rNeg     . . .     Faith    .   (armour unavailable)
rPois    .         Spirit   .   (helmet restricted)
rElec    .         Reflect  .   (no cloak)
rCorr    +         Harm     .   (no gloves)
MR       .....                  i - +0 pair of boots
Stlth    ++........             (no amulet)
HPRegen  0.08/turn              d - ring of resist corrosion
MPRegen  0.10/turn              (no ring)

@: very slightly contaminated
A: unfitting armour, cold-blooded, AC +5
a: no special abilities


You were on level 2 of the Dungeon.
You were not hungry.

You visited 1 branch of the dungeon, and saw 2 of its levels.

You collected 47 gold pieces.

Inventory:

Missiles
 b - 24 stones (quivered)
Armour
 i - a +0 pair of boots (worn)
Jewellery
 d - a ring of resist corrosion (left hand)
Scrolls
 e - a scroll of noise {unknown}
 g - a scroll of amnesia {unknown}
Potions
 a - a potion of heal wounds {unknown}
 h - a potion of agility {unknown}
 j - 2 potions of mutation {unknown}
Comestibles
 c - a ration
 f - a chunk of flesh


   Skills:
 - Level 1.8 Dodging
 - Level 1.8 Stealth
 * Level 2.7 Spellcasting
 + Level 1.0 Transmutations
 + Level 3.6 Earth Magic


You had one spell level left.
You knew the following spells:

 Your Spells              Type           Power        Failure   Level  Hunger
a - Sandblast             Erth           ##....       4%          1    #......
b - Passwall              Tmut/Erth      #.......     12%         2    ##.....
c - Stone Arrow           Conj/Erth      #.....       28%         3    ###....

Your spell library contained the following spells:

 Spells                   Type           Power        Failure   Level  Hunger
 Petrify                  Tmut/Erth      #.......     58%         4    #####..
 Lee's Rapid Deconstruct  Erth           ##........   77%         5    ######.


Dungeon Overview and Level Annotations

Branches:
Dungeon (2/15)

Altars:
Dithmenos


Innate Abilities, Weirdness & Mutations

Your plain brown scales are hard. (AC +5)
You cannot fit into any form of body armour.
You are cold-blooded and may be slowed by cold attacks.


Message History

Press: ? - help, Shift-Dir - straight line, f/p - centaur
Aim: a centaur (moderately wounded)
The blast of sand hits the centaur.
The centaur is severely wounded.
b - 25 stones The centaur hits you.
* * * LOW HITPOINT WARNING * * *
Casting: Sandblast (safe; 4% risk of failure)
Confirm with . or Enter, or press ? or * to list all spells.
Aiming: Sandblast (safe; 4% risk of failure)
Press: ? - help, Shift-Dir - straight line, f/p - centaur
Aim: a centaur (severely wounded)
The blast of sand hits the centaur.
The centaur is severely wounded.
b - 24 stones The centaur hits you but does no damage.
The centaur closely misses you.
The centaur wields a +0 shortbow.
The centaur shoots an arrow.
The arrow hits you.
You die...

##########
.........#######
########.......#
#.#####.# #.# #.#
#.# #.# #.# #.#
#.#####.#####
#........@(.#
########.#.###.###c#
........###.##.# .#
.#####.## ##...# .#
........###.##### .#
..####.#.#.## .. ?#
#.# #.##)###.# ..
#.####........# ##
#.#...........###


You could see a centaur.

Vanquished Creatures
  2 dart slugs (D:1)
  A leopard gecko (D:1)
  3 bats
  A giant cockroach (D:1)
  6 goblins
  2 hobgoblins (D:1)
  3 jackals (D:2)
  2 frilled lizards (D:1)
  A kobold (D:2)
  A rat (D:1)
22 creatures vanquished.

Notes
Turn   | Place    | Note
-------+----------+-------------------------------------------
     0 | D:1      | HungryMoth the Draconian Earth Elementalist began the quest
                  | for the Orb.
     0 | D:1      | Reached XP level 1. HP: 14/14 MP: 3/3
   450 | D:1      | Reached XP level 2. HP: 20/20 MP: 3/5
   454 | D:1      | Learned a level 2 spell: Passwall
  1035 | D:2      | Found a shadowy altar of Dithmenos.
  1068 | D:2      | Reached XP level 3. HP: 26/26 MP: 2/7
  1074 | D:2      | Learned a level 3 spell: Stone Arrow
  1137 | D:2      | Noticed a centaur
  1147 | D:2      | Shot with an arrow by a centaur

Vault maps used:
D:1:      zelgadis_glass_arrival_small, serial_forest,
          infiniplex_forest_straight_5, infiniplex_forest_clump_diagonal,
          infiniplex_forest_straight_4, infiniplex_forest_clump_C,
          infiniplex_forest_split, infiniplex_forest_clump_cross,
          infiniplex_forest_zigzag_1
D:2:      grunt_dithmenos_smoke, first_ration, st_stairs_3

Action                   || total
-------------------------++-------
Melee: Unarmed           ||    24
       Tailslap          ||     3
 Cast: Sandblast         ||    34
  Eat: Chunk             ||     1
Armor: Skin              ||     5
Dodge: Dodged            ||    10

Table legend:
 A = Non-vault XP
 B = Vault XP
 C = Vault XP percentage of total XP
 D = Non-vault monster count
 E = Vault monster count
 F = Vault count percentage of total count
                 A         B        C        D         E       F
            +---------+---------+-------+---------+---------+-------
      Total |      45 |       0 |   0.0 |      22 |       0 |   0.0
            +---------+---------+-------+---------+---------+-------
        D:1 |      32 |       0 |   0.0 |      15 |       0 |   0.0
        D:2 |      13 |       0 |   0.0 |       7 |       0 |   0.0
            +---------+---------+-------+---------+---------+-------
